 Dungeon Crawl Stone Soup version 0.23.2-40-g277498a001 (webtiles) character file.

Game seed: 14563276264397942724

13379 FishyPogo the Fighter (level 11, -1/103 HPs)
             Began as a Minotaur Fighter on Aug 14, 2019.
             Was a High Priest of the Shining One.
             Slain by an orc knight
             ... wielding a +0 war axe
              (16 damage)
             ... on level 12 of the Dungeon.
             The game lasted 00:41:19 (10197 turns).

FishyPogo the Fighter (Minotaur Fighter)           Turns: 10197, Time: 00:41:20

Health: -1/103     AC: 11    Str: 27    XL:     11   Next: 74%
Magic:  14/14      EV: 12    Int:  5    God:    the Shining One [*****.]
Gold:   635        SH: 13    Dex: 11    Spells: 10/10 levels left

rFire    + . .     SeeInvis .   b - +7 scimitar
rCold    + . .     Gourm    .   c - +0 shield
rNeg     + + .     Faith    +   n - +1 ring mail {rF+}
rPois    .         Spirit   .   (helmet restricted)
rElec    .         Reflect  .   (no cloak)
rCorr    .         Harm     .   t - +1 pair of gloves
MR       .....                  (no boots)
Stlth    ..........             A - amulet of faith
HPRegen  0.27/turn              D - +4 ring of strength
MPRegen  0.14/turn              r - ring of protection from cold

@: glowing
A: retaliatory headbutt, horns 2
a: Divine Shield, Cleansing Flame, Summon Divine Warrior, Renounce Religion


You were on level 12 of the Dungeon.
You worshipped the Shining One.
The Shining One was extremely pleased with you.
You were near starving.

You visited 1 branch of the dungeon, and saw 12 of its levels.

You collected 635 gold pieces.

Inventory:

Hand Weapons
 a - the +5 short sword of Ascent {speed, MR+}
   (You found it on level 6 of the Dungeon)

   Attacks with this weapon are significantly faster.
   It affects your resistance to hostile enchantments.
 b - a +7 scimitar (weapon)
 G - a +3 blowgun
Missiles
 l - 326 stones (quivered)
 E - 2 throwing nets
 F - 8 tomahawks
Armour
 c - a +0 shield (worn)
 n - a +1 ring mail of fire resistance (worn)
 t - a +1 pair of gloves (worn)
 v - a +2 robe of magic resistance
 x - a +2 robe of positive energy
Jewellery
 j - an uncursed ring of fire
 r - a ring of protection from cold (right hand)
 A - an amulet of faith (around neck)
 D - a +4 ring of strength (left hand)
Wands
 K - a wand of scattershot (6)
Scrolls
 g - a scroll of immolation
 i - 8 scrolls of remove curse
 p - a scroll of blinking
 q - a scroll of noise
 u - 11 scrolls of identify {unknown}
 y - a scroll of enchant weapon
 B - 4 scrolls of enchant armour
 C - 5 scrolls of teleportation
 I - 2 scrolls of brand weapon {unknown}
Potions
 d - 2 potions of might
 h - a potion of haste
 k - 2 potions of heal wounds
 m - a potion of resistance
 o - a potion of degeneration {unknown}
 s - a potion of brilliance {unknown}
 w - 2 potions of curing
 H - a potion of mutation {unknown}
 L - a potion of invisibility {unknown}
Comestibles
 f - 14 rations


   Skills:
 * Level 11.6 Fighting
 + Level 5.2(5.7) Short Blades
 - Level 4.0(5.4) Long Blades
 - Level 4.0 Throwing
 + Level 11.4 Armour
 - Level 5.0 Dodging
 * Level 11.4 Shields
 + Level 5.9 Invocations


You had 10 spell levels left.
You didn't know any spells.
Your spell library was empty.

Dungeon Overview and Level Annotations

Branches:
Dungeon (12/15)            Temple (0/1) D:5            Lair (0/6) D:8
    Orc (0/2) D:9

Altars:
Dithmenos
Fedhas
The Shining One

Shops:
D:4 [


Innate Abilities, Weirdness & Mutations

You reflexively headbutt those who attack you in melee.
You have a pair of horns on your head.


Message History

The orc knight hits you with a +0 war axe!!
The Shining One protects you from harm!
As you read the scroll labeled AFAOCO ROUS, it crumbles to dust.
The creatures around you are filled with an inner flame!
It was a scroll of immolation.
You block the orc knight's attack.
As you read the scroll labeled OVUKLI MU JEI, it crumbles to dust.
The scroll dissolves into smoke.
It was a scroll of fog.
You block the orc knight's attack.
As you read the scroll labeled NEEL FEVEBLO, it crumbles to dust.
It is a scroll of enchant weapon.
Your +6 scimitar glows red for a moment.
You feel much better.
The orc knight hits you with a +0 war axe!!
* * * LOW HITPOINT WARNING * * *
As you read the scroll labeled NARGHU FANUN, it crumbles to dust.
You hear a loud clanging noise!
It was a scroll of noise.
You hear a shout! x2
The orc knight hits you with a +0 war axe!
You die...

#...................
#....#######'#......
#....#.......#.....
#....#.......#.....
##....#.......#...#
......#.......#...#
......#...)...#...#
......#.....#'#§§§#
......'.....#.§§@§#
......#...###§§o###
......#...#..§§§#
......#...#..§§§#
......#####..§§§#
................#
.#######........#
.#.....#........#
.#.....#........#


You could see an orc knight (inner flame).

Vanquished Creatures
  A two-headed ogre (D:9)
  A death yak (D:8)
  An unseen horror (D:11)
  2 ugly things (D:12)
  Psyche (D:11)
  A gargoyle (D:7)
  A troll (D:11)
  A hornet (D:7)
  Grinder (D:2)
  2 hippogriffs
  A wyvern (D:10)
  Eustachio (D:5)
  14 yaks
  5 hungry ghosts
  A water moccasin (D:11)
  7 sky beasts
  4 ice beasts
  4 orc warriors
  A black bear (D:10)
  2 ogres
  A phantom (D:4)
  An eye of draining (D:8)
  4 centaurs
  4 big kobolds
  2 crocodiles
  8 bullfrogs
  A gnoll sergeant (D:8)
  7 scorpions
  A wyvern skeleton (D:12)
  9 killer bees
  10 wights
  A quasit (D:8)
  9 crimson imps
  A centaur zombie (D:7)
  3 orc priests (D:11)
  2 centaur skeletons
  A gnoll shaman (D:7)
  2 bullfrog skeletons
  3 hounds
  4 jellies
  9 orc wizards
  5 iguanas
  Terence (D:3)
  Natasha (thrice) (D:3)
  7 worker ants
  2 killer bee zombies (D:7)
  2 hound zombies
  13 gnolls
  17 adders
  2 shadow imps
  An adder zombie (D:7)
  3 oozes
  An adder skeleton (D:7)
  3 worms
  4 dart slugs
  4 leopard geckos
  37 orcs
  3 ball pythons
  3 giant cockroaches
  12 goblins
  12 hobgoblins
  5 jackals
  4 quokkas
  A ball python zombie (D:5)
  16 bats
  4 frilled lizards (D:1)
  A jackal skeleton (D:4)
  30 kobolds
  A quokka skeleton (D:8)
  11 rats
343 creatures vanquished.

Vanquished Creatures (others)
  An adder (D:5)
  2 fungi (D:4)
3 creatures vanquished.

Grand Total: 346 creatures vanquished

Notes
Turn   | Place    | Note
-------+----------+-------------------------------------------
     0 | D:1      | FishyPogo the Minotaur Fighter began the quest for the Orb.
     0 | D:1      | Reached XP level 1. HP: 19/19 MP: 0/0
   226 | D:1      | Reached XP level 2. HP: 27/27 MP: 1/1
   386 | D:1      | Reached XP level 3. HP: 24/33 MP: 2/2
   456 | D:1      | Reached skill level 1 in Dodging
   829 | D:2      | Found a glowing golden altar of the Shining One.
   836 | D:2      | Became a worshipper of the Shining One
  1163 | D:2      | Reached XP level 4. HP: 37/40 MP: 3/3
  1315 | D:3      | Noticed Grinder
  1318 | D:3      | Noticed Natasha
  1336 | D:2      | Paralysed by Grinder for 7 turns
  1354 | D:2      | Killed Grinder
  1354 | D:2      | Reached skill level 5 in Fighting
  1354 | D:2      | Reached skill level 1 in Throwing
  1354 | D:2      | Reached skill level 5 in Armour
  1354 | D:2      | Reached XP level 5. HP: 6/48 MP: 4/4
  1354 | D:2      | Reached XP level 6. HP: 8/56 MP: 5/5
  1716 | D:3      | Reached skill level 5 in Shields
  1768 | D:3      | Killed Natasha
  1925 | D:3      | Reached * piety under the Shining One
  1946 | D:3      | Noticed Terence
  1955 | D:3      | Killed Terence
  2089 | D:3      | Noticed Natasha
  2095 | D:3      | Killed Natasha
  2095 | D:3      | Reached XP level 7. HP: 57/62 MP: 6/6
  2134 | D:3      | Noticed Natasha
  2140 | D:3      | Killed Natasha
  2431 | D:4      | Found Huirphia's Armour Shop.
  2612 | D:4      | Reached skill level 1 in Invocations
  2805 | D:4      | Reached XP level 8. HP: 71/71 MP: 7/7
  2924 | D:4      | Reached ** piety under the Shining One
  3267 | D:5      | Entered Level 5 of the Dungeon
  3524 | D:5      | Noticed Eustachio
  3550 | D:5      | Killed Eustachio
  3918 | D:5      | Found a staircase to the Ecumenical Temple.
  4353 | D:6      | Found a blossoming altar of Fedhas.
  4354 | D:6      | Got a polished short sword
  4355 | D:6      | Identified the +5 short sword of Ascent {speed, MR+} (You
                  | found it on level 6 of the Dungeon)
  4759 | D:7      | Noticed a hornet
  4767 | D:6      | Reached skill level 1 in Short Blades
  4767 | D:6      | Reached XP level 9. HP: 74/80 MP: 9/9
  4940 | D:7      | Found a shadowy altar of Dithmenos.
  4986 | D:7      | Paralysed by a hornet for 2 turns
  5030 | D:6      | HP: 4/81 [poisoned by a killer bee]
  5037 | D:6      | HP: 4/81 [poisoned by a killer bee]
  5045 | D:6      | HP: 4/81 [poisoned by a killer bee]
  5425 | D:7      | Paralysed by a hornet for 2 turns
  5773 | D:7      | Reached *** piety under the Shining One
  5824 | D:7      | Noticed a gargoyle
  5841 | D:7      | Killed a gargoyle
  5854 | D:7      | Reached XP level 10. HP: 53/90 MP: 11/11
  5861 | D:7      | Identified the Guide on the Creative Arsonist
  6112 | D:7      | Reached skill level 5 in Dodging
  6240 | D:8      | Reached **** piety under the Shining One
  6395 | D:8      | Found a staircase to the Lair.
  6847 | D:8      | Noticed a death yak
  6876 | D:8      | Killed a death yak
  6888 | D:8      | Reached skill level 10 in Fighting
  6896 | D:8      | Reached skill level 10 in Armour
  6900 | D:8      | Reached skill level 10 in Shields
  7378 | D:8      | Reached XP level 11. HP: 91/101 MP: 13/13
  7616 | D:9      | Reached skill level 5 in Invocations
  7655 | D:9      | Found a staircase to the Orcish Mines.
  7657 | D:9      | Noticed a two-headed ogre
  7673 | D:9      | Killed a two-headed ogre
  7931 | D:9      | Reached ***** piety under the Shining One
  8035 | D:10     | Entered Level 10 of the Dungeon
  8773 | D:11     | Noticed an unseen horror
  8782 | D:11     | Killed an unseen horror
  8983 | D:11     | Noticed Psyche
  8992 | D:11     | Killed Psyche
  9167 | D:11     | Reached skill level 5 in Short Blades
  9353 | D:12     | Noticed a white ugly thing
  9464 | D:12     | Noticed a white ugly thing
  9486 | D:12     | Killed a brown ugly thing
  9502 | D:12     | Killed a purple ugly thing
  9629 | D:12     | Noticed an orc knight
 10182 | D:12     | The Shining One protects you from harm!
 10197 | D:12     | Slain by an orc knight

Skill      XL: |  1  2  3  4  5  6  7  8  9 10 11 |
---------------+----------------------------------+-----
Armour         | 4 5 6 7 8 10 11 | 11.4
Fighting       | 4 5 6 7 8 10 11 | 11.6
Dodging        | 1 2 3 4 5 |  5.0
Shields        | 4 5 6 7 8 10 11 | 11.4
Long Blades    | 3 4 |  4.0
Throwing       | 1 2 3 4 |  4.0
Invocations    | 1 2 3 4 5 |  5.9
Short Blades   | 1 3 4 5 |  5.2

Action                   |  1- 3 |  4- 6 |  7- 9 | 10-12 || total
-------------------------+-------+-------+-------+-------++-------
Melee: Long sword        |   101 |   106 |   131 |       ||   338
       Headbutt          |    24 |    20 |    54 |   134 ||   232
       Falchion          |       |       |   106 |    10 ||   116
       Short sword       |       |       |    12 |   521 ||   533
       Scimitar          |       |       |       |    29 ||    29
Throw: Stone             |       |     9 |    23 |   107 ||   139
  Use: Potion            |       |     3 |     5 |     2 ||    10
       Scroll            |       |       |     4 |     7 ||    11
  Eat: Chunk             |     1 |     3 |    14 |    14 ||    32
       Ration            |       |       |       |     1 ||     1
Armor: Scale mail        |    15 |       |     2 |       ||    17
       Ring mail         |    30 |    30 |    76 |    79 ||   215
Dodge: Dodged            |    42 |    57 |   168 |   185 ||   452
Block: Shield            |    52 |       |       |     9 ||    61
       Buckler           |     8 |    23 |    80 |   109 ||   220
       Rpst.: Long sword |    11 |    17 |    26 |       ||    54
       Falchion          |       |       |    20 |     2 ||    22
       Scimitar          |       |       |       |     5 ||     5
